[Event "Late-Titled-Tuesday-Blitz-October-10-2023"]
[Site "Chess.com"]
[Date "2023.10.10"]
[Round "11"]
[White "topin8"]
[Black "borocotoajua"]
[Result "1-0"]
[WhiteElo "2450"]
[BlackElo "2549"]
[TimeControl "180+1"]
[EndTime "16:00:39 PDT"]
[Termination "topin8 won by resignation"]

1. e4 c6 2. d4 d5 3. e5 c5 4. dxc5 Nc6 5. Nf3 Bg4 6. Bb5 Qa5+ 7. Nc3 e6 8. Be3 Nh6 9. a3 Nf5 10. b4 Nxe3 11. fxe3 Qc7 12. O-O Be7 13. e4 dxe4 14. Nxe4 O-O 15. Bxc6 Qxc6 16. Nd6 f6 17. Qd4 Bh5 18.
Qc4 Bf7 19. Nd4 Qd7 20. Nxf7 Rxf7 21. Nxe6 b5 22. c6 Qd2 23. Qb3 Rc8 24. Rad1 Qh6 25. c7 fxe5 26. Rxf7 Kxf7 27. Ng5+ Kg6 28. Qe6+ Kxg5 29. Qxc8 Qb6+ 30. Kh1 Qe3 31. Qe6 Bf6 32.
Qh3 Qe2 33. Qg3+ Kh6 34. Qh3+ Kg6 35. Qd3+ Qxd3 36. cxd3 e4 37. c8=Q e3 38. Qg4+ 1-0

[Event "Late-Titled-Tuesday-Blitz-October-10-2023"]
[Site "Chess.com"]
[Date "2023.10.10"]
[Round "11"]
[White "Msb2"]
[Black "Hrant_ChessMood"]
[Result "1-0"]
[WhiteElo "3055"]
[BlackElo "2945"]
[TimeControl "180+1"]
[EndTime "16:00:44 PDT"]
[Termination "Msb2 won on time"]

1. d4 d5 2. c4 e6 3. Nc3 Nf6 4. cxd5 exd5 5. Bg5 Be7 6. e3 c6 7. Bd3 Nbd7 8. h3 Nf8 9. Nf3 Ne6 10. Bh4 g6 11.
Rb1 a5 12. a3 Ng7 13. O-O Bf5 14. b4 axb4 15. axb4 Bxd3 16. Qxd3 b5 17. Ne5 Rc8 18.
Nxb5 cxb5 19. Qxb5+ Kf8 20. Rfc1 Rxc1+ 21. Rxc1 Nf5 22.
Bxf6 Bxf6 23. Nd7+ Kg7 24. Qxd5 Re8 25. b5 Re6 26.
Qb7 Nd6 27. Qc6 Ne4 28. Qc8 Qxc8 29. Rxc8 Nd6 30. Rb8 Re7 31. Nc5 Ne4 32. b6 Be5 33.
Rc8 Nxc5 34. dxc5 g5 35. g3 f5 36. c6 f4 37. gxf4 gxf4 38. exf4 Bxf4 39. c7 Kh6 40. Kf1 Rd7 41. b7 Bxc7 42. Rxc7 Rd1+ 43. Kg2 Rb1 44.
Kf3 Kg6 45. Ke4 h5 46. Kd5 Kf6 47. Kd6 1-0

[Event "Late-Titled-Tuesday-Blitz-October-10-2023"]
[Site "Chess.com"]
[Date "2023.10.10"]
[Round "11"]
[White "MalyDominator"]
[Black "temus_galaktionov"]
[Result "0-1"]
[WhiteElo "2504"]
[BlackElo "2876"]
[TimeControl "180+1"]
[EndTime "16:00:47 PDT"]
[Termination "temus_galaktionov won by resignation"]

1. e4 c6 2. d4 g6 3. Nc3 Bg7 4. Nf3 d6 5. Bf4 Nd7 6. Qd2 e5 7. Bg5 Ngf6 8. O-O-O h6 9. Be3 Ng4 10.
dxe5 Nxe3 11. Qxe3 dxe5 12. Bc4 Qe7 13. h4 Nf6 14. Rd2 O-O 15. Bb3 Bg4 16. h5 Bxh5 17.
Nh4 Ng4 18. Qe1 Bf6 19. f3 Bg5 20. fxg4 Rad8 21. Nf3 Bxd2+ 22. Nxd2 Bxg4 23. Nf3 h5 24. Qe3 Kg7 25. Ne2 a5 26. a3 b5 27. Ng3 a4 28.
Ba2 Rh8 29. Qc3 Rhe8 30. Qe3 Qf6 31. Rf1 Qf4 32. Qxf4 exf4 33. Ne2 Rxe4 34. Nc3 Re7 35. Ng5 f6 36. Nge4 g5 37. Nc5 h4 38. N3e4 Rd4 39.
Nf2 Bf5 40. c3 Rd8 41. c4 Re2 42. cxb5 Rc2+ 0-1

[Event "Late-Titled-Tuesday-Blitz-October-10-2023"]
[Site "Chess.com"]
[Date "2023.10.10"]
[Round "11"]
[White "THE_PLAYER6"]
[Black "Krakozia"]
[Result "0-1"]
[WhiteElo "2682"]
[BlackElo "2970"]
[TimeControl "180+1"]
[EndTime "16:00:47 PDT"]
[Termination "Krakozia won by checkmate"]

1. d4 Nf6 2. Nc3 e6 3. e4 d5 4.
e5 Nfd7 5. f4 c5 6. Nf3 Nc6 7. Be3 Be7 8. Bd3 a6 9. Qd2 b5 10. a3 c4 11. Be2 Nb6 12. Nd1 O-O 13. h4 f6 14. h5 fxe5 15. fxe5 Bd7 16. Nf2 b4 17. axb4 Nxb4 18. c3 Nd3+ 19. Nxd3 cxd3 20.
Bxd3 Bb5 21. b3 Qe8 22. h6 g6 23. O-O Rc8 24. Bxb5 Qxb5 25. Bg5 Bxg5 26. Nxg5 Qc6 27. Rxf8+ Rxf8 28. Rxa6 Qb5 29. Ra7 Nd7 30. c4 dxc4 31.
bxc4 Qc6 32. Qe2 Rf5 33. Ne4 Rf4 34. Nf6+ Nxf6 35. exf6 Qb6 36. Rg7+ Kh8 37. Qe5 Rxd4 38. c5 Qb1+ 39. Kh2 Rh4+ 40. Kg3 Re4 41. f7 Qe1+ 42. Kf3 Qe3# 0-1

[Event "Late-Titled-Tuesday-Blitz-October-10-2023"]
[Site "Chess.com"]
[Date "2023.10.10"]
[Round "11"]
[White "acertijo08"]
[Black "Mikhail_Golubev"]
[Result "0-1"]
[WhiteElo "2402"]
[BlackElo "2578"]
[TimeControl "180+1"]
[EndTime "16:00:49 PDT"]
[Termination "Mikhail_Golubev won by resignation"]

1. e4 c5 2. Nf3 d6 3. d4 cxd4 4. Nxd4 Nf6 5. Nc3 Nc6 6. Bc4 Bd7 7. Bb3 g6 8. f3 Nxd4 9. Qxd4 Bg7 10. Be3 O-O 11.
Qd2 b5 12. h4 a5 13. a4 bxa4 14. Nxa4 Be6 15. O-O-O Rb8 16. Bxe6 fxe6 17. Bh6 Qd7 18. Bxg7 Qxa4 19. Qh6 Nxe4 20. b3 Rxb3 21. cxb3 Rc8+ 22.
Kb2 Rb8 23. Qe3 Nc5 24. Rd3 Nxd3+ 25. Qxd3 Kxg7 26. h5 Qf4 27. h6+ Kf7 28. Re1 a4 29. Re4 Qf6+ 30. Kc1 Rxb3 31. Qd4 Qxd4 32. Rxd4 Rc3+ 33.
Kb2 Rb3+ 34. Kc2 Ra3 35. Kb2 Re3 36. Rxa4 Re2+ 37. Kc3 Rxg2 38. Kd3 Rh2 39. Ke3 Rxh6 40.
Ra7 Rh5 0-1

[Event "Late-Titled-Tuesday-Blitz-October-10-2023"]
[Site "Chess.com"]
[Date "2023.10.10"]
[Round "11"]
[White "Zeck_CH"]
[Black "NelsonLinda"]
[Result "0-1"]
[WhiteElo "2482"]
[BlackElo "2582"]
[TimeControl "180+1"]
[EndTime "16:00:50 PDT"]
[Termination "NelsonLinda won by resignation"]

1. d4 Nf6 2. Nc3 d5 3. Bf4 e6 4. e3 Bb4 5. Bd3 c5 6. dxc5 Nbd7 7. Ne2 Nxc5 8. O-O Nxd3 9. Qxd3 O-O 10. Nb5 Ba5 11. h3 Bd7 12. Nbd4 Re8 13. Be5 Ne4 14. c3 a6 15. f3 Nc5 16. Qd1 Bb6 17. Qd2 f6 18.
Bg3 e5 19. Nc2 Be6 20. Bf2 Qc7 21. Rfd1 Rad8 22. Qe1 Bf7 23. Rac1 e4 24. Nf4 g5 25. b4 Na4 26. Ne2 Nb2 27. Ncd4 Nxd1 28. Qxd1 exf3 29.
gxf3 Bg6 30. Qf1 Kh8 31. Qg2 Bd3 32. Ng3 Bxd4 33. exd4 Qd7 34. Rd1 Bc2 35. Rd2 Bg6 36.
Nf1 Bf5 37. Kh2 Bg6 38. Ne3 b5 39. Ng4 h5 40. Ne3 h4 41. Ng4 Qd6+ 42. Kg1 Qf4 43. Rd1 Re2 44. Qf1 Rde8 45. Re1 Qxf3 46. Nxf6 Rxe1 47. Bxe1 Qxf1+ 48. Kxf1 Rf8 0-1

[Event "Late-Titled-Tuesday-Blitz-October-10-2023"]
[Site "Chess.com"]
[Date "2023.10.10"]
[Round "11"]
[White "Alex_Sahakyan2006"]
[Black "frederiksvane"]
[Result "0-1"]
[WhiteElo "2764"]
[BlackElo "2919"]
[TimeControl "180+1"]
[EndTime "16:00:53 PDT"]
[Termination "frederiksvane won on time"]

1. e4 e6 2. d4 d5 3. Bd3 dxe4 4.
Bxe4 Nf6 5. Bf3 Nc6 6. Bxc6+ bxc6 7. Nf3 Ba6 8. c3 Bd6 9. Qa4 Bb5 10. Qc2 c5 11. Be3 Nd5 12. dxc5 Nxe3 13. fxe3 Bxc5 14. Nd4 Bd7 15. O-O O-O 16. Kh1 e5 17. Nf3 Qe7 18.
Nbd2 f6 19. Rae1 Be6 20. Nh4 Rad8 21. Ne4 Bb6 22. Nf5 Qd7 23. Nfg3 Qd3 24. Qf2 Bxa2 25. h3 a5 26. b4 Bd5 27. bxa5 Bxa5 28. Rd1 Qc4 29.
Qf5 c6 30. Qg4 Kh8 31. Nh5 Rg8 32. Nhg3 Rgf8 33. Nh5 Rg8 34. Nhg3 Rdf8 35. Qf5 g6 36. Qf3 f5 37. Qe2 Qxe2 38. Nxe2 fxe4 0-1

[Event "Late-Titled-Tuesday-Blitz-October-10-2023"]
[Site "Chess.com"]
[Date "2023.10.10"]
[Round "11"]
[White "Dedic8"]
[Black "Rodalquilar"]
[Result "0-1"]
[WhiteElo "2873"]
[BlackElo "2779"]
[TimeControl "180+1"]
[EndTime "16:01:02 PDT"]
[Termination "Rodalquilar won by resignation"]

1. d4 d5 2. c4 e6 3. Nc3 h6 4. cxd5 exd5 5. Bf4 Nf6 6. e3 Bd6 7.
Bxd6 Qxd6 8. h3 O-O 9. Nf3 Bf5 10. Bd3 Bxd3 11. Qxd3 Nbd7 12. O-O-O Rfe8 13. Kb1 c6 14.
Nh4 Ne4 15. Nxe4 dxe4 16. Qe2 Qf6 17. g3 Nb6 18. Ng2 Nd5 19. Nf4 Rad8 20. h4 Nxf4 21.
gxf4 Rd5 22. h5 Red8 23. Rc1 Qf5 24. a3 c5 25. dxc5 Rxc5 26. Rxc5 Qxc5 27. Rc1 Qd5 28. Qg4 Qd6 29. Qf5 Qd5 30. Qg4 Qd3+ 31. Ka1 Qd6 32. Rc8 Kf8 33. Qf5 Qe7 34. Ka2 Ke8 35.
Qb5+ Qd7 36. Qe5+ Qe7 37. Rxd8+ Kxd8 38. Qb8+ Kd7 39. Qxb7+ Ke8 40. Qa8+ Qd8 41. Qxe4+ Kf8 42. Qd4 Qxd4 43. exd4 g6 0-1

[Event "Late-Titled-Tuesday-Blitz-October-10-2023"]
[Site "Chess.com"]
[Date "2023.10.10"]
[Round "11"]
[White "lamomiajunior"]
[Black "Battever"]
[Result "0-1"]
[WhiteElo "2741"]
[BlackElo "2566"]
[TimeControl "180+1"]
[EndTime "16:01:04 PDT"]
[Termination "Battever won by checkmate"]

1. d4 Nf6 2. c4 e6 3. Nc3 Bb4 4. e3 d6 5. Bd3 Bxc3+ 6. bxc3 e5 7. e4 Nc6 8. Ne2 O-O 9. O-O Re8 10. d5 Na5 11. Ng3 b6 12. f3 Ba6 13. Qe2 Nd7 14. Nf5 Nc5 15. Ne3 Nxd3 16. Qxd3 Qd7 17. Ba3 Nxc4 18. Nxc4 Qb5 19. Nxe5 Qxd3 20. Nxd3 Bxd3 21.
Rfe1 f5 22. exf5 Bxf5 23. Kf2 Bd3 24. Rac1 Bc4 25. Rcd1 Bxa2 26. Rd4 Rxe1 27. Kxe1 Re8+ 28. Kd2 b5 29. f4 a5 30. Bb2 Bc4 31. Kd1 Kf7 32.
Ba3 Kf6 33. h3 h5 34. g4 h4 35. Bc1 a4 36. Ba3 Bb3+ 37. Kd2 Bc4 38. Kd1 Re3 39.
f5 Rxh3 40. Bc1 Bb3+ 41. Kd2 Rg3 42. Ke2 h3 43. Kf2 h2 44. g5+ Kxf5 45. Rh4 Rg1 46.
Rxh2 Rxc1 47. Ke3 Rxc3+ 48. Kd4 Rc4+ 49. Kd3 a3 50. Rf2+ Kg6 51. Re2 a2 52. Re1 Bc2+ 53.
Kd2 Bb1 54. Re7 a1=Q 55. Re6+ Kh5 56. Re3 Qd4+ 57. Ke2 Rc2+ 58. Kf3 Qxd5+ 59. Kg3 Qg2+ 60. Kf4 Rc4+ 61. Re4 Qxe4+ 62. Kg3 Rc3+ 63. Kf2 Qf3+ 64. Ke1 Qe3+ 65. Kd1 Rc1# 0-1

[Event "Late-Titled-Tuesday-Blitz-October-10-2023"]
[Site "Chess.com"]
[Date "2023.10.10"]
[Round "11"]
[White "ozates"]
[Black "mac0504"]
[Result "1-0"]
[WhiteElo "2785"]
[BlackElo "2584"]
[TimeControl "180+1"]
[EndTime "16:01:05 PDT"]
[Termination "ozates won on time"]

1. e4 Nc6 2. Nf3 d6 3. d4 Nf6 4.
d5 Nb4 5. c4 Na6 6. Nc3 g6 7.
Bd3 Bg7 8. O-O O-O 9. a3 c6 10.
h3 Bd7 11. Be3 Nc5 12. Bxc5 dxc5 13. e5 Ne8 14. Re1 Nc7 15. Qd2 b5 16. Rad1 cxd5 17. Nxd5 Nxd5 18. cxd5 c4 19. Be4 Rb8 20. Qf4 Rb6 21. h4 h5 22. Bc2 a5 23. Qe3 Bg4 24.
Rd2 b4 25. Ng5 Qc7 26. e6 f5 27. Ba4 c3 28. bxc3 bxc3 29. Rc2 f4 30. Qc1 Bf5 31. Ne4 Qc4 32. d6 Qxa4 33. dxe7 Re8 34. Rxc3 Bxc3 35.
Qxc3 Bxe4 36. Qf6 Rxe6 37. Qxe6+ Kg7 38. Rxe4 Qd1+ 39. Re1 Qg4 40. Qe5+ Kf7 41. Qd5+ Kg7 42. Qb5 Qc8 43. Qxa5 Qd7 44. Qe5+ Kh7 45. Qf6 Qd5 46.
Qf8 Qc6 47. Qf7+ Kh6 48. Re6 Qc1+ 49. Kh2 1-0

[Event "Late-Titled-Tuesday-Blitz-October-10-2023"]
[Site "Chess.com"]
[Date "2023.10.10"]
[Round "11"]
[White "subham777"]
[Black "Harald_Schmidt"]
[Result "1-0"]
[WhiteElo "2531"]
[BlackElo "2372"]
[TimeControl "180+1"]
[EndTime "16:01:06 PDT"]
[Termination "subham777 won on time"]

1. e4 b6 2. d4 Bb7 3. Bd3 e6 4. c4 Ne7 5. Nc3 g6 6. Nf3 Bg7 7. Be3 d6 8. Qd2 h6 9. O-O-O Nd7 10. h4 e5 11. Kb1 a6 12. h5 g5 13. d5 Nf6 14. Qc2 Bc8 15. Ng1 Bg4 16. f3 Bxh5 17. Nge2 Bg6 18. g4 Bh7 19. Ng3 Qd7 20. Rh2 Bf8 21.
Rdh1 Bg7 22. a3 Bg6 23. Nd1 O-O-O 24. c5 dxc5 25. Bxa6+ Kb8 26. Nf5 Bxf5 27. gxf5 g4 28. Bxc5 gxf3 29. Nc3 Nxf5 30. Bb5 Qc8 31. Bc6 Qa6 32. exf5 bxc5 33. Rh4 e4 34. Nxe4 Nxd5 35. Bxd5 Rxd5 36. f6 Bf8 37. Nc3 Rd4 38. Qb3+ Qb6 39. Qxf7 Bd6 40. R4h3 f2 41. Qg7 Rf8 42. Rf3 Rd2 43.
Nd1 1-0

[Event "Late-Titled-Tuesday-Blitz-October-10-2023"]
[Site "Chess.com"]
[Date "2023.10.10"]
[Round "11"]
[White "Witty_Alien"]
[Black "Arimin1329"]
[Result "1-0"]
[WhiteElo "2274"]
[BlackElo "2319"]
[TimeControl "180+1"]
[EndTime "16:01:06 PDT"]
[Termination "Witty_Alien won by checkmate"]

1. e4 c6 2. d4 d5 3. Nd2 dxe4 4. Nxe4 Bf5 5. Ng3 Bg6 6. h4 h6 7. Nh3 e6 8. Nf4 Bh7 9. Bc4 Nf6 10. O-O Nbd7 11. Re1 Be7 12. Bxe6 fxe6 13. Nxe6 Qa5 14.
Qe2 Kf7 15. Nxg7 Bf8 16. Bxh6 Bb4 17. Qe6+ Kg6 18. N3f5 Bg8 19. Qe3 Rxh6 20. Qxh6+ Kf7 21. Ne6 Bxe1 22. Ng5+ Ke8 23. Nd6+ Kd8 24. Nxb7+ Kc8 25. Nxa5 Bxa5 26. b4 Bxb4 27. Rb1 Bf8 28. Qh8 Kc7 29. c4 Bxc4 30. h5 Bxa2 31. Rb2 Bd5 32. h6 Re8 33. h7 Ba3 34. Qxe8 Nxe8 35. Re2 Nef6 36. h8=Q Bc4 37. Qh2+ Bd6 38. Re5 Bxe5 39. dxe5 Nd5 40. e6+ Kd8 41. Qd6 Nb6 42. exd7 Nxd7 43. Ne6+ Bxe6 44. Qxe6 c5 45. Qd6 a5 46. g4 a4 47. Qa6 c4 48. Qxa4 Nc5 49. Qxc4 Ne6 50. Qxe6 Kc7 51. g5 Kd8 52. g6 Kc7 53. g7 Kb7 54. g8=Q Ka7 55. Qh7+ Kb8 56. Qeg6 Kc8 57. Qgg8# 1-0

[Event "Late-Titled-Tuesday-Blitz-October-10-2023"]
[Site "Chess.com"]
[Date "2023.10.10"]
[Round "11"]
[White "Zampronha1971"]
[Black "arminmusovic"]
[Result "1-0"]
[WhiteElo "2338"]
[BlackElo "2485"]
[TimeControl "180+1"]
[EndTime "16:01:07 PDT"]
[Termination "Zampronha1971 won by checkmate"]

1. e4 c6 2. d4 d5 3. e5 c5 4.
Nf3 Nc6 5. c4 cxd4 6. Nxd4 e6 7.
Nxc6 bxc6 8. Nc3 Bb4 9. Qa4 Qb6 10. Be3 Bc5 11. Bxc5 Qxc5 12. Be2 Bd7 13. O-O d4 14.
Ne4 Qxe5 15. Bf3 Nf6 16. Nxf6+ Qxf6 17. Bxc6 Rd8 18. Rad1 Bxc6 19. Qxc6+ Kf8 20. Rfe1 Qe7 21. Re4 d3 22. Re3 d2 23. Re2 Qg5 24. Qc7 g6 25. f4 Qf6 26. Rexd2 Rxd2 27. Rxd2 Kg7 28. Qe5 h5 29. b3 h4 30. Rd7 Qxe5 31. fxe5 Rh5 32. Rxa7 Rxe5 33. Rb7 Re2 34. c5 Rc2 35. b4 e5 36. Kf1 g5 37. a4 Kg6 38. a5 e4 39. a6 Ra2 40. a7 f5 41. b5 Kh5 42. b6 e3 43. Rb8 Rf2+ 44. Ke1 Rxg2 45. a8=Q Rxh2 46. Qf3+ g4 47. Qxe3 Rh1+ 48. Kd2 Rh2+ 49.
Qe2 Rxe2+ 50. Kxe2 g3 51. Rg8 f4 52. b7 h3 53. b8=Q f3+ 54. Kxf3 g2 55. Qe8+ Kh4 56. Qe4+ Kh5 57. Qf5+ Kh6 58. Qg6# 1-0

[Event "Late-Titled-Tuesday-Blitz-October-10-2023"]
[Site "Chess.com"]
[Date "2023.10.10"]
[Round "11"]
[White "PawnEatingZombie"]
[Black "protectiago"]
[Result "0-1"]
[WhiteElo "2184"]
[BlackElo "2081"]
[TimeControl "180+1"]
[EndTime "16:01:08 PDT"]
[Termination "protectiago won on time"]

1. e4 e5 2. Nf3 Nc6 3. Bb5 a6 4.
Ba4 Nf6 5. d3 b5 6. Bb3 Be7 7. O-O O-O 8. a4 Rb8 9. axb5 axb5 10. c3 Bb7 11. Nbd2 d5 12. exd5 Nxd5 13. Ne4 b4 14. Be3 bxc3 15. bxc3 Nxe3 16. fxe3 Kh8 17.
g4 Bc8 18. h3 Rxb3 19. Qxb3 Qxd3 20. Ng3 Qxe3+ 21. Kg2 e4 22. Ng1 Bd6 23. Nh1 Be6 24. Qc2 Ne5 25. Rae1 Qd3 26. Qxd3 exd3 27. Ng3 h6 28. Ne4 Rb8 29. Nxd6 cxd6 30. Rd1 Rb3 31. Kg3 Rxc3 32. Nf3 f6 33. Nxe5 dxe5 34. Rf3 e4 35. Re3 Bd5 36. Kf4 Kh7 37. h4 g6 38. h5 Kg7 39.
hxg6 Kxg6 40. Rh3 Rc2 41. Re3 Rf2+ 42. Kg3 Rb2 43. Kf4 Bc6 44. Kg3 Rc2 45. Kf4 Rb2 46. Kg3 Kg5 0-1

[Event "Late-Titled-Tuesday-Blitz-October-10-2023"]
[Site "Chess.com"]
[Date "2023.10.10"]
[Round "11"]
[White "NigelDwarf"]
[Black "JoakimVonAnd"]
[Result "1-0"]
[WhiteElo "2579"]
[BlackElo "2670"]
[TimeControl "180+1"]
[EndTime "16:01:09 PDT"]
[Termination "NigelDwarf won by resignation"]

1. Nf3 Nf6 2. c4 e6 3. Nc3 d5 4. e3 a6 5. b3 b6 6. cxd5 exd5 7. Bb2 Bd6 8. d4 O-O 9. Bd3 Bb7 10. O-O Nbd7 11. Qc2 Re8 12. a3 Rc8 13. b4 Ne4 14. b5 a5 15. h3 Re6 16. Qb3 Nxc3 17. Bxc3 Qe7 18. Rfe1 Re8 19. Ra2 h5 20. Rae2 g5 21.
Bf5 Rf6 22. Bxd7 Qxd7 23. Nxg5 Rf5 24. h4 Rxg5 25. hxg5 h4 26. Qd1 h3 27. Rc2 Re4 28. f4 Bc8 29. Kh2 Qf5 30. Qh5 Rxf4 31. exf4 Qxf4+ 32. g3 Qxg3+ 33. Kh1 Bg4 34. Re8+ Bf8 35. Rxf8+ Kxf8 36. Qh8+ Ke7 37. Qe5+ Qxe5 38. dxe5 Bf5 39. Rd2 Be4+ 40.
Kh2 Ke6 41. Bd4 Bb1 42. Kxh3 a4 43. Rf2 Bd3 44. Rf6+ Ke7 45. Kh4 Bxb5 46. g6 Be8 47. g7 1-0

[Event "Late-Titled-Tuesday-Blitz-October-10-2023"]
[Site "Chess.com"]
[Date "2023.10.10"]
[Round "11"]
[White "Langua_Chess"]
[Black "djano"]
[Result "0-1"]
[WhiteElo "2486"]
[BlackElo "2674"]
[TimeControl "180+1"]
[EndTime "16:01:09 PDT"]
[Termination "djano won on time"]

1. e4 c5 2. Nf3 Nc6 3. d4 cxd4 4. Nxd4 g6 5. c4 e5 6. Nb5 d6 7.
Be2 Nf6 8. Bg5 Be7 9. Bxf6 Bxf6 10. Qxd6 Qxd6 11. Nxd6+ Ke7 12. Nb5 Be6 13. N1c3 Nd4 14. Nxd4 exd4 15. Nd5+ Bxd5 16. cxd5 Rac8 17. f4 Rc2 18. e5 Bg7 19. d6+ Kd8 20. Bd3 Rxg2 21. O-O-O Bh6 22. Rdf1 Rg4 23. Kc2 Bxf4 24. h3 Rh4 25. Re1 Rh5 26. Rhf1 Rxe5 27. Rxe5 Bxe5 28. Rxf7 Bxd6 29. Rxb7 Rf8 30. Rxa7 Rf2+ 31. Kb3 Rf3 32. Kc4 Rxh3 33. Ra8+ Ke7 34. Kxd4 g5 35. a4 Rh4+ 36. Kd5 Bb4 37. a5 Rh3 38. Be4 Rh2 39. a6 Rxb2 40.
a7 Ra2 41. Ke5 Ra5+ 42. Kd4 Bc5+ 43. Kc4 Bxa7 44. Rh8 Ra4+ 45. Kd5 Kf6 46. Rxh7 Rd4+ 47. Kc6 Rxe4 48. Rxa7 g4 49. Kd5 Re1 50. Ra8 Kg5 51.
Rf8 g3 52. Rg8+ Kf4 53. Rf8+ Kg4 54. Rg8+ Kh3 55. Rh8+ Kg2 56. Kd4 Kf2 57. Rf8+ Kg1 58. Kd3 g2 59. Kd2 Rf1 60. Rg8 Rf6 61. Ke1 Re6+ 62.
Kd1 Re4 63. Kd2 Kf2 64. Rf8+ Kg3 65. Rg8+ Rg4 0-1

[Event "Late-Titled-Tuesday-Blitz-October-10-2023"]
[Site "Chess.com"]
[Date "2023.10.10"]
[Round "11"]
[White "Denis_Makhnyov"]
[Black "Lion-Al-Messi"]
[Result "0-1"]
[WhiteElo "2888"]
[BlackElo "2642"]
[TimeControl "180+1"]
[EndTime "16:01:12 PDT"]
[Termination "Lion-Al-Messi won on time"]

1. f4 Nf6 2. Nf3 g6 3. g3 Bg7 4. Bg2 O-O 5. O-O c5 6. d3 d5 7. Qe1 d4 8. e4 dxe3 9. Bxe3 Nbd7 10. Nc3 Rb8 11. Ne5 Nxe5 12. fxe5 Ng4 13. Bxc5 b6 14.
Ba3 Nxe5 15. Nd5 Re8 16. Nxe7+ Rxe7 17. Bxe7 Qxe7 18. d4 Nc6 19. Bxc6 Bxd4+ 20. Kg2 Qc7 21. Qe4 Bxb2 22. Bd5 Bf5 23. Qe1 Bxa1 24. Qxa1 Rd8 25. Bb3 Rd2+ 26. Rf2 Bh3+ 27. Kg1 Rxf2 28. Kxf2 Qc5+ 29.
Ke2 Bg4+ 30. Kd2 Qg5+ 31. Kd3 Qf5+ 32. Kc4 Qe4+ 33. Qd4 Be6+ 34. Kc3 Qxd4+ 35. Kxd4 Bxb3 36. axb3 f5 37. Ke5 Kf7 38. h4 Ke7 39. c4 a5 40.
Kd5 Kd7 41. c5 b5 42. c6+ Kc7 43. Kc5 a4 44. bxa4 bxa4 45. Kb4 Kxc6 46. Kxa4 Kd5 0-1

[Event "Late-Titled-Tuesday-Blitz-October-10-2023"]
[Site "Chess.com"]
[Date "2023.10.10"]
[Round "11"]
[White "RIPOL"]
[Black "wild3000"]
[Result "1/2-1/2"]
[WhiteElo "2426"]
[BlackElo "2320"]
[TimeControl "180+1"]
[EndTime "16:01:15 PDT"]
[Termination "Game drawn by repetition"]

1. d4 g6 2. e4 Bg7 3. c3 d6 4.
Bd3 a6 5. f4 b5 6. Nf3 Bb7 7. O-O Nd7 8. Nbd2 Ngf6 9. Qe2 O-O 10.
a4 bxa4 11. Rxa4 c5 12. Kh1 cxd4 13. cxd4 a5 14. b3 Nb6 15. Ra2 a4 16. bxa4 Nxa4 17.
Qe3 Nc3 18. Rxa8 Qxa8 19. d5 Ng4 20. Qg1 h5 21. h3 Nf6 22. Bb2 Rc8 23. Rc1 Na4 24. Bd4 Nd7 25. Bxg7 Kxg7 26. Qd4+ Kg8 27. Rxc8+ Bxc8 28. e5 dxe5 29. fxe5 Nac5 30. e6 fxe6 31. dxe6 Nxe6 32. Qc4 Nb6 33. Qb3 Qa1+ 34. Kh2 Qa5 35. Bxg6 Kf8 36. Qb2 Ng7 37. Qd4 Nd5 38. Qe5 Qc7 39.
Ne4 Qxe5+ 40. Nxe5 Nf6 41. Nc5 Bf5 42. Kg3 Bxg6 43.
Nxg6+ Kf7 44. Nf4 e5 45. Ne2 Nf5+ 46. Kf2 Kg6 47. Nc3 Kg5 48. g3 h4 49. gxh4+ Nxh4 50. N5e4+ Nxe4+ 51. Nxe4+ Kf4 52. Nd6 e4 53. Nxe4 Kxe4 54.
Kg3 Nf5+ 55. Kg4 Ke5 56. Kg5 Ke6 57. Kg6 Ke5 58. Kg5 Ke6 59. Kg6 Ke5 60. Kg5 1/2-1/2

[Event "Late-Titled-Tuesday-Blitz-October-10-2023"]
[Site "Chess.com"]
[Date "2023.10.10"]
[Round "11"]
[White "FairChess_on_YouTube"]
[Black "Jospem"]
[Result "0-1"]
[WhiteElo "3090"]
[BlackElo "3147"]
[TimeControl "180+1"]
[EndTime "16:01:16 PDT"]
[Termination "Jospem won by checkmate"]

1. Nf3 c5 2. c4 Nc6 3. g3 g6 4. Bg2 Bg7 5. O-O d6 6. Nc3 e6 7. e3 Nge7 8. d4 O-O 9. b3 cxd4 10. Nxd4 d5 11. Ba3 Re8 12. Ncb5 Nxd4 13. exd4 Nf5 14. cxd5 exd5 15. Rc1 Bf8 16. Bxf8 Rxf8 17. Re1 Rb8 18. Qd2 a6 19. Qf4 Be6 20. Nc7 Rc8 21. Nxe6 fxe6 22. Bh3 Rxc1 23. Rxc1 Qf6 24. Bxf5 Qxf5 25. Qe3 Rf7 26.
h4 Kg7 27. f4 h6 28. Re1 Re7 29. Kg2 h5 30. Rc1 Kf7 31. Kf2 Qh3 32. Kf3 Qg4+ 33.
Kg2 Qf5 34. a4 a5 35. Rc5 b6 36. Rc6 Qb1 37. Rxb6 Qc2+ 38. Kf3 Qd1+ 39. Kf2 Qc2+ 40. Qe2 Qc3 41. Qd1 Rc7 42. Kg2 Qb2+ 43. Kh3 Rc2 44. Qg1 Rf2 45. Rb7+ Kf6 46. Rb8 Qe2 47. Rf8+ Kg7 48.
Re8 Qg4# 0-1

[Event "Late-Titled-Tuesday-Blitz-October-10-2023"]
[Site "Chess.com"]
[Date "2023.10.10"]
[Round "11"]
[White "SanchezKelvin"]
[Black "falzehope0"]
[Result "1-0"]
[WhiteElo "2569"]
[BlackElo "2343"]
[TimeControl "180+1"]
[EndTime "16:01:19 PDT"]
[Termination "SanchezKelvin won on time"]

1. e4 d5 2. exd5 Nf6 3. c4 e6 4. dxe6 Bxe6 5. Be2 Nc6 6. Nf3 Nd4 7. O-O Nxe2+ 8. Qxe2 Be7 9. d4 O-O 10. Be3 Re8 11. h3 c6 12. Qc2 Qa5 13. Nbd2 Rad8 14. Ne5 Nd7 15. Ndf3 f6 16. Nxd7 Rxd7 17. a3 Qa6 18.
Rfc1 Red8 19. b4 Bf7 20. Nh4 b5 21. cxb5 cxb5 22. Nf5 Bf8 23. Qc6 Qa4 24. Ng3 Rd6 25. Qc2 Qa6 26. Ne4 Rd5 27. Qc6 Qxc6 28. Rxc6 Rf5 29.
Rc7 a6 30. Rac1 Bc4 31. g4 Rfd5 32. Nd2 Bd3 33. R1c6 a5 34. bxa5 Bxa3 35. Rc3 Bd6 36. Rc8 Rxc8 37. Rxc8+ Kf7 38. a6 b4 39. a7 Ra5 40.
a8=Q Rxa8 41. Rxa8 Bc2 42. Nc4 Be7 43. Ra7 Ke6 44.
Rb7 b3 45. Na5 Be4 46. Rxb3 Bd8 47. Nc4 Bd5 48. Rc3 Kd7 49. Nd2 Ba5 50. Rc2 Bf7 51.
Ne4 Bg6 52. f3 h6 53. Kf2 Bd8 54. Ra2 Ke8 55. Ra7 Be7 56. Bf4 h5 57. Nd6+ Kf8 58.
Ra8+ 1-0

[Event "Late-Titled-Tuesday-Blitz-October-10-2023"]
[Site "Chess.com"]
[Date "2023.10.10"]
[Round "11"]
[White "luizzy"]
[Black "Levanzovsky"]
[Result "1-0"]
[WhiteElo "2573"]
[BlackElo "2450"]
[TimeControl "180+1"]
[EndTime "16:01:20 PDT"]
[Termination "luizzy won by resignation"]

1. b3 b6 2. Bb2 Bb7 3. e3 e6 4. Nf3 Nf6 5. d4 d5 6. Bd3 Bd6 7. O-O O-O 8. Nbd2 Nbd7 9. c4 Ne4 10. Qc2 f5 11. Ne5 Bxe5 12. dxe5 Ndc5 13. Rad1 Nxd3 14. Qxd3 Qe7 15. cxd5 Bxd5 16. Nxe4 Bxe4 17. Qc4 Rfd8 18. f3 Bb7 19. Rd4 c5 20. Rdd1 Rxd1 21. Rxd1 Rd8 22. Qe2 Rd5 23. Rxd5 Bxd5 24. Qa6 Qd7 25. Bc3 Bc6 26. Qe2 Kf7 27. Qd2 Qxd2 28. Bxd2 Ke7 29. Kf2 Bb5 30. h4 Bd3 31. a3 Kd7 32. Bc3 Kc6 33. Ke1 Bc2 34. b4 Kb5 35. Kd2 Bb3 36. bxc5 bxc5 37. Bb2 Kc4 38. Bc3 Ba4 39. Ba5 Bc6 40.
Bc7 Kb3 41. Bd6 Kxa3 42. Bxc5+ Kb3 43. Bxa7 Kc4 44. Bb6 Kd5 45. Bc7 Bb5 46. Ke1 Kc4 47. Kf2 Kd3 48. Bb6 Bc6 49. Kg3 Kc4 50. Kf4 Be8 51. Bc7 Kd5 52. Bd6 Kc6 53. Bf8 g6 54.
Kg5 Kd5 55. Bd6 Bb5 56. Kh6 Bf1 57. g3 Be2 58. Kxh7 Bxf3 59. Kxg6 Ke4 60. h5 Bxh5+ 61.
Kxh5 Kf3 62. Kh4 Kxe3 63. Be7 Ke4 64. Bf6 Kf3 65. Bg5 Ke4 66. Bf4 Kf3 67. Kg5 Ke4 68.
Kf6 Kd5 69. Ke7 Kc6 70. Kxe6 Kc7 71. Kxf5 Kd8 72. Ke6 Ke8 73. g4 Kf8 1-0

[Event "Late-Titled-Tuesday-Blitz-October-10-2023"]
[Site "Chess.com"]
[Date "2023.10.10"]
[Round "11"]
[White "Atanejhad"]
[Black "sergeikim"]
[Result "0-1"]
[WhiteElo "2388"]
[BlackElo "2572"]
[TimeControl "180+1"]
[EndTime "16:01:20 PDT"]
[Termination "sergeikim won on time"]

1. d4 Nf6 2. c4 g6 3. Nc3 Bg7 4. e4 d6 5. f3 O-O 6. Be3 Nc6 7. Nge2 a6 8. Qd2 Rb8 9. Rc1 e5 10. d5 Ne7 11. c5 Nd7 12. b4 f5 13. a4 Nf6 14. h3 f4 15. Bf2 Nh5 16. b5 Bd7 17. b6 cxb6 18. cxd6 Nc8 19. Rb1 Nxd6 20. Bxb6 Qh4+ 21. Bf2 Qe7 22. Nc1 Rfc8 23. Nb3 Ng3 24. Rg1 Nxf1 25. Rxf1 Nc4 26. Qd3 b5 27. axb5 axb5 28. d6 Qg5 29. Nd5 Kh8 30. Nc5 Rd8 31. Nxd7 Rxd7 32. Qxc4 bxc4 33. Rxb8+ Bf8 34. Rxf8+ Kg7 35.
Re8 Rxd6 36. Ke2 Ra6 37. Rd1 Ra2+ 38. Rd2 Rxd2+ 39. Kxd2 Qxg2 40. Ke2 Qxh3 41. Rxe5 Qc8 42. Re7+ Kh6 43. Rc7 Qa6 44. Be1 c3+ 45. Kf2 Qa2+ 46. Kf1 c2 47. Bd2 g5 48. Ke2 Qa6+ 49. Ke1 Qa1+ 50.
Kf2 Qd1 0-1